 Dungeon Crawl Stone Soup version 0.26.0-10-g1f06aea511 (webtiles) character file.

Game seed: 11102858432257622752

123 Dracia the Poker (level 4, -3/33 HPs)
             Began as a Demonspawn Gladiator on Jan 22, 2021.
             Slain by an orc
             ... wielding a +0 falchion
              (7 damage)
             ... on level 3 of the Dungeon.
             The game lasted 00:02:34 (1782 turns).

Dracia the Poker (Demonspawn Gladiator)             Turns: 1782, Time: 00:02:35

Health: -3/33      AC:  4    Str: 15    XL:     4   Next: 79%
Magic:  4/4        EV: 12    Int: 12    God:
Gold:   85         SH:  0    Dex: 14    Spells: 0/3 levels left

rFire    . . .     SeeInvis .   a - +1 trident
rCold    . . .     Faith    .   (no shield)
rNeg     . . .     Spirit   .   b - +0 leather armour
rPois    .         Reflect  .   c - +0 helmet
rElec    .         Harm     .   (no cloak)
rCorr    .         Rampage  .   (no gloves)
Will     .....                  (no boots)
Stlth    +.........             e - amulet of magic regeneration
HPRegen  0.11/turn              (no ring)
MPRegen  0.34/turn              (no ring)

@: no status effects
A: demonic guardian 1, spiny 1, big brain 1
a: no special abilities


You were on level 3 of the Dungeon.
You visited 1 branch of the dungeon, and saw 3 of its levels.

You collected 85 gold pieces.


Innate Abilities, Weirdness & Mutations

A weak demonic guardian rushes to your aid.
You are partially covered in sharp spines.
You have an unusually large brain. (Int +2)


   Skills:
 - Level 2.0 Fighting
 + Level 5.1 Polearms
 - Level 1.7 Throwing
 - Level 2.6 Dodging


You couldn't memorise any spells.
You knew the following spells:

 Your Spells              Type           Power        Failure   Level
m - Mephitic Cloud        Conj/Pois/Air  0%           77%         3

Your spell library contained the following spells:

 Spells                   Type           Power        Failure   Level
 Magic Dart               Conj           0%           38%         1
 Blink                    Tloc           N/A          52%         2
 Call Imp                 Summ           0%           52%         2
 Slow                     Hex            0%           52%         2
 Conjure Flame            Conj/Fire      0%           77%         3

Inventory:

Hand Weapons
 a - a +1 trident (weapon)
Missiles
 d - 3 throwing nets {=f=f}
 k - 12 javelins (quivered)
 o - 13 poisoned darts
Armour
 b - a +0 leather armour (worn)
 c - a +0 helmet (worn)
Jewellery
 e - an amulet of magic regeneration (around neck)
 t - an uncursed ring of teleportation
 G - an uncursed amulet of guardian spirit
Scrolls
 f - a scroll of magic mapping {unknown}
 h - a scroll of amnesia
 i - 8 scrolls of identify {@r1@r1}
Potions
 l - a potion of resistance
 n - a potion of might

Dungeon Overview and Level Annotations

Branches:
Dungeon (3/15)

Altars:

. ..# ..
###.##
#<..go###
#†@5##
###..#####
##.#...##
#...#..##
####.....##
..##.....##
....).....#
#.###≈###..##
#.#≈#.#...###


You could see an orc, a hobgoblin and a friendly shadow imp (summoned).


Message History

The orc priest is struck by your spines.
The orc priest hits you but does no damage.
The leopard gecko bites you.
* * * LOW HITPOINT WARNING * * *
Unknown command.
It was a potion of curing.
You feel better. The orc priest closely misses you.
The leopard gecko is struck by your spines.
The leopard gecko bites you.
* * * LOW HITPOINT WARNING * * *
You hit the orc priest.
The orc priest is severely wounded.
The leopard gecko bites you.
* * * LOW HITPOINT WARNING * * *
The orc priest is struck by your spines.
The orc priest hits you with a +0 short sword.
* * * LOW HITPOINT WARNING * * *
You puncture the orc priest!
You kill the orc priest!
The leopard gecko bites you but does no damage.
Your Polearms skill increases to level 5!
Unknown command.
You closely miss the leopard gecko.
The leopard gecko is almost dead.
The leopard gecko is struck by your spines.
You kill the leopard gecko!
The orc completely misses you.
You hit the orc.
The orc is moderately wounded.
The orc hits you with a +0 falchion!
You die...

Skill      XL: |  1  2  3  4 |
---------------+-------------+-----
Polearms       | 3 4 5 |  5.1
Fighting       | |  2.0
Throwing       | |  1.7
Dodging        | |  2.6

Action                   |  1- 3 |  4- 6 || total
-------------------------+-------+-------++-------
Melee: Trident           |   132 |    33 ||   165
  Use: Scroll            |     6 |     1 ||     7
       Potion            |       |     2 ||     2
 Stab: Sleeping          |     2 |       ||     2
Armor: Leather armour    |    18 |     7 ||    25
Dodge: Dodged            |    74 |    17 ||    91

Levels and vault maps discovered:
D:1:      wander_arrival_peaceful_grave, layout_basic
D:2:      layout_basic, solitary_fountain
D:3:      cheibrodos_thug_alley, layout_rooms, grunt_decor_cap, uniq_natasha,
          uniq_robin

Notes
Turn   | Place    | Note
-------+----------+-------------------------------------------
     0 | D:1      | Dracia the Demonspawn Gladiator began the quest for the
                  | Orb.
     0 | D:1      | Reached XP level 1. HP: 16/16 MP: 1/1
    72 | D:1      | Reached skill level 3 in Polearms
   163 | D:1      | Gained mutation: A weak demonic guardian rushes to your
                  | aid. [demonic ancestry]
   163 | D:1      | Reached XP level 2. HP: 22/22 MP: 2/2
   603 | D:1      | Gained mutation: You have an unusually large brain. (Int
                  | +2) [demonic ancestry]
   603 | D:1      | Reached XP level 3. HP: 27/27 MP: 3/3
   823 | D:1      | Identified a potion of resistance
   933 | D:2      | Reached skill level 4 in Polearms
  1498 | D:2      | Gained mutation: You are partially covered in sharp spines.
                  | [demonic ancestry]
  1498 | D:2      | Reached XP level 4. HP: 33/33 MP: 4/4
  1669 | D:3      | Learned a level 3 spell: Mephitic Cloud
  1777 | D:3      | HP: 2/33 [leopard gecko (2)]
  1781 | D:3      | Reached skill level 5 in Polearms
  1782 | D:3      | Slain by an orc

Vanquished Creatures
  An orc priest (D:3)
  2 adders (D:2)
  A worm (D:2)
  2 dart slugs (D:1)
  4 leopard geckos
  An orc (D:3)
  3 ball pythons
  2 bats (D:1)
  2 giant cockroaches
  7 goblins
  6 hobgoblins
  18 kobolds
  3 frilled lizards
  8 rats
60 creatures vanquished.

Vanquished Creatures (collateral kills)
  An orc (D:3)
1 creature vanquished.

Grand Total: 61 creatures vanquished

Table legend: (Time is in decaauts)
 A = Elapsed time spent in this place.
 B = Non-inter-level travel time spent in this place.
 C = Inter-level travel time spent in this place.
 D = Time resting spent in this place.
 E = Time spent auto-exploring this place.
 F = Levels seen in this place.
 G = Mean time per level.
                   A        B        C        D        E       F      G
               +--------+--------+--------+--------+--------+-----+--------+
         Total |   1796 |   1711 |     85 |      0 |   1365 |   3 |  598.7 |
       Dungeon |   1796 |   1711 |     85 |      0 |   1365 |   3 |  598.7 |
               +--------+--------+--------+--------+--------+-----+--------+

Top non-repeatable levels by time:
     D:1: 883 daAuts
     D:2: 728 daAuts
     D:3: 185 daAuts

Table legend:
 A = Non-vault XP
 B = Vault XP
 C = Vault XP percentage of total XP
 D = Non-vault monster count
 E = Vault monster count
 F = Vault count percentage of total count
                 A         B        C        D         E       F
            +---------+---------+-------+---------+---------+-------
      Total |     167 |       9 |   5.1 |      54 |       7 |  11.5
            +---------+---------+-------+---------+---------+-------
        D:1 |      42 |       0 |   0.0 |      22 |       0 |   0.0
        D:2 |      69 |       0 |   0.0 |      25 |       0 |   0.0
        D:3 |      56 |       9 |  13.8 |       7 |       7 |  50.0
            +---------+---------+-------+---------+---------+-------
